 Dungeon Crawl Stone Soup version 0.31-a0-1082-g7d1fb776a8 (webtiles) character file.

Game seed: 8214440295266501141

12963 Flugslaktarn the Mimic (level 12, -1/87 HPs)
             Began as an Octopode Shapeshifter on Nov 28, 2023.
             Was a Believer of Ashenzari.
             Slain by a two-headed ogre
             ... wielding a +0 giant spiked club
              (14 damage)
             ... on level 11 of the Dungeon.
             The game lasted 00:07:19 (11506 turns).

Flugslaktarn the Mimic (Octopode Shapeshifter)     Turns: 11506, Time: 00:07:19

Health: -1/87      AC:  5    Str: 19    XL:     12   Next: 1%
Magic:  12/12      EV: 18    Int: 13    God:    Ashenzari [**....]
Gold:   445        SH:  0    Dex: 14    Spells: 11/11 levels left

rFire   + .          .
                       - Unarmed
rCold   . . .        (shield currently unavailable)
rNeg    . . .        (helmet restricted)
rPois   .            x - amulet of Ashenzari's Visionary {Acrobat, Fort, Dev} (curse)
rElec   .            p - ring "Sybil of Ashenzari" {AC+4, Cun, Self} (curse)
rCorr   +            f - ring of Ashenzari's Fetters {rF+, Fort, Elem} (curse)
SInv    +            y - ring "Cryptic Affliction" {rCorr Str+4, Fort, Elem} (curse)
Will    .....        (no ring)
Stlth   +            (no ring)
HPRegen 0.34/turn    (no ring)
MPRegen 0.13/turn    (no ring)
                     (no ring)

%: acrobat
@: flux-form, glowing
A: glow, contaminating, almost no armour, amphibious, 8 rings, camouflage 1,
gelatinous body 1, (nimble swimmer 1), tentacles
a: Begin Untransformation, Renounce Religion, Curse Item, Shatter the Chains


You were on level 11 of the Dungeon.
You worshipped Ashenzari.
Ashenzari was pleased with you.
You were something dangerously unstable.
You visited 1 branch of the dungeon, and saw 11 of its levels.

You collected 655 gold pieces.
You spent 210 gold pieces at shops.

Inventory:

Jewellery
 f - the cursed ring of Ashenzari's Fetters (right tentacle) {rF+, Fort, Elem}
   (You found it on level 3 of the Dungeon)

   [ring of protection from fire]

   rF+:       It protects you from fire.
   It has a curse which improves the following skills: Fortitude: Shields.
   Elements:  Fire Magic, Ice Magic, Air Magic and Earth Magic.
 p - the cursed ring "Sybil of Ashenzari" (left tentacle) {AC+4, Cun, Self}
   (You found it on level 1 of the Dungeon)

   [ring of protection]

   AC+4:      It affects your AC (+4).
   It has a curse which improves the following skills: Cunning: Dodging and
   Stealth.
   Introspection: Fighting and Spellcasting.
 x - the cursed amulet of Ashenzari's Visionary (around mantle) {Acrobat, Fort, Dev}
   (You found it on level 8 of the Dungeon)

   [amulet of the acrobat]

   Acrobat:   It increases your evasion while moving and waiting.
   It has a curse which improves the following skills: Fortitude: Shields.
   Devices:   Evocations and Shapeshifting.
 y - the cursed ring "Cryptic Affliction" (on tentacle) {rCorr Str+4, Fort, Elem}
   (You bought it in a shop on level 9 of the Dungeon)

   [ring of resist corrosion]

   Str+4:     It affects your strength (+4).
   rCorr:     It protects you from acid and corrosion.
   It has a curse which improves the following skills: Fortitude: Shields.
   Elements:  Fire Magic, Ice Magic, Air Magic and Earth Magic.
Talismans
 b - a beast talisman
 c - a flux talisman (active)
Wands
 g - a wand of digging (3)
   (You found it on level 8 of the Dungeon)
 l - a wand of charming (16)
   (You found it on level 3 of the Dungeon)
Scrolls
 d - 2 scrolls of fog
 i - 2 scrolls of revelation
 j - 3 scrolls of poison
 k - 2 scrolls of immolation
 t - a scroll of teleportation
 v - a scroll of brand weapon
Potions
 a - a potion of lignification
 e - 4 potions of attraction
 h - 3 potions of haste
 m - a potion of enlightenment
 n - a potion of resistance
 q - 7 potions of curing
 s - a potion of invisibility
 u - 2 potions of brilliance
 w - 3 potions of heal wounds
 z - a potion of ambrosia
 A - a potion of degeneration


   Skills:
 + Level 8.7(9.9) Fighting
 + Level 9.2(10.3) Dodging
 - Level 0.7(1.3) Stealth
 + Level 9.4 Unarmed Combat
 - Level 10.9(12.0) Shapeshifting


You had 11 spell levels left.
You didn't know any spells.
Your spell library was empty.

Dungeon Overview and Level Annotations

Branches:
Dungeon (11/15)            Temple (0/1) D:7             Orc (0/2) D:9
   Lair: D:8-11

Altars:
Ashenzari
Cheibriados
Dithmenos
Elyvilon
Fedhas
Gozag
Hepliaklqana
Kikubaaqudgha
Sif Muna
Uskayaw
Wu Jian
Zin
The Shining One

Shops:
D:1 :[   D:7 !   D:9 *

Annotations:
D:6 3 runed translucent doors, Graknight's ghost, novice MiBe; bmj180's ghost, novice HuCj; inmateoo's ghost, novice DsBe; rocker's ghost, novice DsGl
D:7 1 runed translucent door


Innate Abilities, Weirdness & Mutations

You are something dangerously unstable.
You glow with magical radiation, making you easy to see and hit.
Foes you strike become dangerously contaminated with magical radiation.
You are incapable of wielding weapons or throwing items.
You cannot wear most types of armour.
You are amphibious.
You can wear up to eight rings at the same time.
Your skin changes colour to match your surroundings (Stealth+).
Your rubbery body absorbs attacks. (AC +1, EV +1)
((You are camouflaged when in or above water. (Stealth+)))
You have tentacles for arms and can constrict up to eight enemies at once.


Message History

There is a stone staircase leading down here.
You climb downwards.
There is a stone staircase leading up here.
Search for what [Enter for "talis", or ? for help]? shield
Found 5 stones.
You open the door.
A green ugly thing comes into view.
Found 10 stones.
There is an open door here.
A green ugly thing is nearby!
A green ugly thing is nearby!
The green ugly thing gurgles horribly!
The green ugly thing pecks you!
You are poisoned.
The green ugly thing poisons you!
You tentacle-slap the green ugly thing.
The green ugly thing begins to glow.
You grab the green ugly thing. You squeeze the green ugly thing.
The green ugly thing is lightly wounded.
You constrict the green ugly thing.
You feel very sick.
You bludgeon the green ugly thing!
The green ugly thing glows dangerously bright.
You squeeze the green ugly thing!
The green ugly thing is moderately wounded.
You constrict the green ugly thing.
You feel very sick. The green ugly thing pecks you!
You are more poisoned.
The green ugly thing poisons you!
You tentacle-slap the green ugly thing.
The green ugly thing shudders as magic cascades through it.
The green ugly thing basks in the mutagenic energy and changes!
The cyan ugly thing is heavily wounded.
You constrict the cyan ugly thing.
You feel extremely sick.
You tentacle-slap the cyan ugly thing.
The cyan ugly thing begins to glow.
You squeeze the cyan ugly thing.
The cyan ugly thing is severely wounded.
You constrict the cyan ugly thing.
You feel extremely sick. The cyan ugly thing barely misses you.
You tentacle-slap the cyan ugly thing.
The cyan ugly thing glows dangerously bright.
The cyan ugly thing is severely wounded.
You constrict the cyan ugly thing.
You feel extremely sick. The cyan ugly thing pecks you!
* * * LOW HITPOINT WARNING * * *
The cyan ugly thing shocks you!
* * * LOW HITPOINT WARNING * * *
You tentacle-slap the cyan ugly thing.
The cyan ugly thing shudders as magic cascades through it!!
You kill the cyan ugly thing!
* * * LOW HITPOINT WARNING * * *
You feel very sick.
You have reached level 12!
You feel better.
There is an open door here.
You start resting.
HP restored.
Okay, then.
Found a +0 flail.
q - 7 potions of curing (gained 2)
Found a stone staircase leading up.
You open the door.
A two-headed ogre comes into view.
It is wielding two +0 giant spiked clubs.
The two-headed ogre shouts in stereo!
There is an open door here.
A two-headed ogre is nearby!
Unknown command.
Okay, then.
You tentacle-slap the two-headed ogre.
The two-headed ogre begins to glow.
You squeeze the two-headed ogre.
The two-headed ogre is lightly wounded.
The two-headed ogre completely misses you.
The two-headed ogre hits you with a +0 giant spiked club!!
You completely miss the two-headed ogre.
You squeeze the two-headed ogre.
The two-headed ogre is lightly wounded.
The two-headed ogre hits you with a +0 giant spiked club!!
The two-headed ogre barely misses you.
You barely miss the two-headed ogre.
The two-headed ogre is lightly wounded.
You bludgeon the two-headed ogre!
The two-headed ogre glows dangerously bright.
You squeeze the two-headed ogre!
The two-headed ogre is heavily wounded.
The two-headed ogre completely misses you.
The two-headed ogre hits you with a +0 giant spiked club.
You are too injured to fight recklessly!
You tentacle-slap the two-headed ogre but do no damage.
The two-headed ogre shudders as magic cascades through it.
The two-headed ogre twists and deforms.
You squeeze the two-headed ogre!
The two-headed ogre is severely wounded.
You bludgeon the two-headed ogre!
The two-headed ogre begins to glow.
The two-headed ogre is almost dead.
The two-headed ogre hits you with a +0 giant spiked club!!
* * * LOW HITPOINT WARNING * * *
The two-headed ogre hits you with a +0 giant spiked club!
You die...

############ ...........
.......... .........
########........
.......O........
.......#p....... ..#
.......#........ ..+
......O#........ ..#
.......#........ ..#
#########........
..######..............##
......................#
..............<.......#
......................#


You could see a two-headed ogre (contam, misshapen).

Vanquished Creatures
  Erica (D:10)
  5 two-headed ogres
  Pikel (D:4)
  An ugly thing (D:11)
  Maurice (D:9)
  An unseen horror (D:10)
  A troll (D:10)
  Sigmund (D:2)
  16 yaks
  2 wyverns
  A basilisk (D:10)
  A steam dragon (D:8)
  6 vampire mosquitoes (D:10)
  Menkaure (D:4)
  3 orc warriors
  2 sky beasts
  3 black bears
  4 ice beasts
  6 centaurs
  2 ogres
  A phantom (D:6)
  A kobold brigand (D:7)
  3 scorpions
  6 bullfrogs
  A gnoll sergeant (D:7)
  9 howler monkeys
  A jelly (D:5)
  6 orc priests
  3 gnoll boudas
  3 hounds
  2 sleepcaps
  An iguana (D:6)
  8 orc wizards
  10 adders
  12 gnolls
  2 shadow imps
  2 ufetubi (D:7)
  4 dart slugs
  34 orcs
  A bat zombie (D:8)
  8 endoplasms
  3 giant cockroaches
  5 goblins
  5 hobgoblins
  3 jackals (D:4)
  7 quokkas
  5 ball pythons
  7 bats
  3 frilled lizards
  10 kobolds
  4 rats
  4 rat zombies (D:8)
  2 butterflies (D:7)
235 creatures vanquished.

Vanquished Creatures (collateral kills)
  An orc priest (D:5)
  An orc (D:5)
2 creatures vanquished.

Vanquished Creatures (others)
  A butterfly (D:4)
1 creature vanquished.

Grand Total: 238 creatures vanquished

Notes
Turn   | Place    | Note
-------+----------+-------------------------------------------
     0 | D:1      | Flugslaktarn the Octopode Shapeshifter began the quest for
                  | the Orb.
     0 | D:1      | Reached XP level 1. HP: 13/13 MP: 1/1
    43 | D:1      | Found Ygecue Waogg's Antique Armour Shoppe.
    98 | D:1      | Reached XP level 2. HP: 13/18 MP: 2/2
   188 | D:1      | Found Opun's Book Shoppe.
   454 | D:1      | Reached XP level 3. HP: 23/23 MP: 3/3
   847 | D:2      | Found a glowing golden altar of the Shining One.
   967 | D:2      | Noticed Sigmund
   976 | D:2      | Killed Sigmund
   977 | D:2      | Reached skill level 4 in Shapeshifting
   977 | D:2      | Reached XP level 4. HP: 15/30 MP: 4/4
   977 | D:2      | Reached XP level 5. HP: 18/36 MP: 5/5
  1235 | D:2      | Reached XP level 6. HP: 39/41 MP: 6/6
  2240 | D:4      | Noticed a sky beast
  2270 | D:4      | Reached skill level 5 in Shapeshifting
  2413 | D:4      | Noticed Pikel
  2430 | D:4      | Killed Pikel
  2431 | D:4      | Reached skill level 5 in Unarmed Combat
  2431 | D:4      | Reached skill level 6 in Shapeshifting
  2431 | D:4      | Reached XP level 7. HP: 48/48 MP: 7/7
  2562 | D:4      | Reached XP level 8. HP: 47/54 MP: 8/8
  2660 | D:4      | Noticed Menkaure
  2721 | D:4      | Killed Menkaure
  2905 | D:4      | Found a white marble altar of Elyvilon.
  3296 | D:5      | Entered Level 5 of the Dungeon
  3317 | D:5      | Reached skill level 7 in Shapeshifting
  3460 | D:5      | Reached skill level 5 in Fighting
  3618 | D:5      | Found a hazy altar of Hepliaklqana.
  3645 | D:5      | Found a blossoming altar of Fedhas.
  3934 | D:5      | Found a broken altar of Ashenzari.
  3972 | D:5      | Became a worshipper of Ashenzari the Shackled
  4252 | D:5      | Reached XP level 9. HP: 59/61 MP: 9/9
  4485 | D:6      | Reached skill level 8 in Shapeshifting
  4851 | D:6      | Reached skill level 9 in Shapeshifting
  4935 | D:6      | Found a runed translucent gate.
  4935 | D:6      | Found a runed translucent gate.
  4935 | D:6      | Found a runed translucent gate.
  4937 | D:6      | Noticed Graknight's ghost (novice MiBe)
  4937 | D:6      | Noticed bmj180's ghost (novice HuCj)
  4938 | D:6      | Noticed inmateoo's ghost (novice DsBe)
  4938 | D:6      | Noticed rocker's ghost (novice DsGl)
  5782 | D:7      | Reached skill level 5 in Dodging
  5801 | D:7      | Reached XP level 10. HP: 22/69 MP: 10/10
  6492 | D:7      | Found Mautureh's Distillery.
  6498 | D:7      | Bought a potion of enlightenment for 75 gold pieces
  6632 | D:7      | Found a staircase to the Ecumenical Temple.
  6649 | D:7      | Found a runed translucent door.
  6652 | D:7      | Noticed a sixfirhy
  6927 | D:8      | Found a glowing silver altar of Zin.
  6992 | D:8      | Found an ancient bone altar of Kikubaaqudgha.
  7106 | D:8      | Noticed a two-headed ogre
  7139 | D:8      | Killed a two-headed ogre
  7220 | D:8      | Noticed a two-headed ogre
  7238 | D:8      | Killed a two-headed ogre
  7568 | D:8      | Found a shadowy altar of Dithmenos.
  7646 | D:8      | Noticed a +0 hand axe
  7647 | D:8      | Noticed a +0 hand axe
  7866 | D:8      | Found a hide-covered altar of Uskayaw.
  8259 | D:8      | Found a shimmering blue altar of Sif Muna.
  8350 | D:9      | Found a snail-covered altar of Cheibriados.
  8353 | D:8      | Reached * piety under Ashenzari
  8367 | D:8      | Reached skill level 10 in Shapeshifting
  8424 | D:9      | Found a glowing golden altar of the Shining One.
  8449 | D:9      | Noticed a two-headed ogre
  8549 | D:9      | Reached XP level 11. HP: 46/77 MP: 11/11
  8738 | D:9      | Found a staircase to the Orcish Mines.
  8812 | D:9      | Noticed Maurice
  9016 | D:9      | Killed a two-headed ogre
  9275 | D:9      | Maurice stole 147 gold
  9278 | D:9      | Maurice stole a flux talisman
  9281 | D:9      | Killed Maurice
  9756 | D:9      | Found Bedghow's Assorted Antiques.
  9771 | D:9      | Bought a coiled platinum ring for 135 gold pieces
  9771 | D:9      | Identified the ring "Caly" {rCorr Str+4} (You bought it in
                  | a shop on level 9 of the Dungeon)
  9904 | D:9      | Found an ornate altar of the Wu Jian Council.
  9978 | D:10     | Entered Level 10 of the Dungeon
  9978 | D:10     | Found an opulent altar of Gozag.
  9978 | D:10     | Found an opulent altar of Gozag.
 10027 | D:10     | Noticed a two-headed ogre
 10226 | D:9      | Reached ** piety under Ashenzari
 10411 | D:10     | HP: 1/80 [vampire mosquito (8)]
 10746 | D:10     | Found an opulent altar of Gozag.
 10755 | D:10     | Noticed Erica
 10764 | D:10     | Killed Erica
 10788 | D:10     | Noticed a two-headed ogre
 10796 | D:10     | Killed a two-headed ogre
 10896 | D:10     | Killed a two-headed ogre
 11050 | D:10     | Found an opulent altar of Gozag.
 11225 | D:11     | Noticed a green ugly thing
 11233 | D:11     | Killed a cyan ugly thing
 11234 | D:11     | Reached XP level 12. HP: 5/87 MP: 12/12
 11497 | D:11     | Noticed a two-headed ogre
 11506 | D:11     | Slain by a two-headed ogre

Illustrated notes

Levels and vault maps discovered:
D:1:      orjb1_clovarrival, layout_loops_ring, serial_shops, shop,
          nicolae_shop_rolling_square
D:2:      layout_basic, basic_altar, uniq_sigmund
D:3:      layout_basic, serial_forest, infiniplex_forest_lined_3,
          infiniplex_forest_clump_medium, infiniplex_forest_lined_ring,
          infiniplex_forest_straight_2, infiniplex_forest_side_room,
          infiniplex_forest_lined_corner, infiniplex_forest_lined_4_way,
          infiniplex_forest_lined_2
D:4:      layout_basic, nicolae_elyvilon_peaceful_grove, uniq_menkaure,
          uniq_pikel
D:5:      layout_basic, mainiacjoe_overflow_brackets,
          cheibrodos_ashenzari_chains, fedhas_bush_and_centaur_altar
D:6:      layout_loops_ring, gammafunk_ghost_cemetery
D:7:      cheibrodos_shockbox, layout_loops_ring,
          minmay_temple_entry_butterflies, serial_glass, glass_columns_a,
          glass_columns_b, serial_shops, shop_coins,
          chequers_serial_rivers_micro_a
D:8:      minmay_recursive_quarters, layout_loops_corners,
          lemuel_zombie_altar_kikubaaqudgha, led_sif_pool,
          dancing_weapons_uskayaw, nicolae_dithmenos_the_darkroom,
          zin_scriptorium, uniq_joseph
D:9:      layout_cave_pods, nzn_wu_jian_council_hall,
          mainiacjoe_overflow_tiny_flanked, cheibriados_altar_1, orc_0_dummy,
          serial_shops, nicolae_shop_gibbet_a_chance, uniq_maurice
D:10:     layout_roguey, nicolae_gozag_conspicuous_consumption,
          nicolae_eternal_life, uniq_erica
D:11:     cheibrodos_elevator_heist, layout_irregular_city,
          grunt_lair_entry_orc_guard_hut

Skill      XL: |  1  2  3  4  5  6  7  8  9 10 11 |
---------------+----------------------------------+-----
Fighting       | 2 4 5 6 7 8 |  8.7
Unarmed Combat | 4 5 6 7 9 |  9.4
Shapeshifting  | 4 6 7 9 10 | 10.9
Dodging        | 5 7 9 |  9.2
Stealth        | |  0.7

Action                     |  1- 3 |  4- 6 |  7- 9 | 10-12 || total
---------------------------+-------+-------+-------+-------++-------
  Melee: Unarmed           |    74 |    55 |   220 |   339 ||   688
         Tentacles         |    11 |     6 |    49 |   111 ||   177
         Constrict         |    13 |     9 |    46 |    60 ||   128
         Punch             |       |     2 |     6 |       ||     8
 Invoke: Curse Item        |       |       |     1 |     3 ||     4
  Evoke: Wand              |       |       |     3 |       ||     3
    Use: Scroll            |       |     2 |     7 |     3 ||    12
         Potion            |       |     1 |       |     4 ||     5
   Stab: Sleeping          |    11 |     7 |     4 |     1 ||    23
 Armour: Skin              |    24 |    27 |   117 |   165 ||   333
  Dodge: Dodged            |    28 |    26 |   133 |   270 ||   457
   Form: Flux              |       |       |     1 |       ||     1

Table legend: (Time is in decaauts)
 A = Elapsed time spent in this place.
 B = Non-inter-level travel time spent in this place.
 C = Inter-level travel time spent in this place.
 D = Time resting spent in this place.
 E = Time spent auto-exploring this place.
 F = Levels seen in this place.
 G = Mean time per level.
                   A        B        C        D        E       F      G
               +--------+--------+--------+--------+--------+-----+--------+
         Total |  11406 |  11166 |    240 |   2597 |   6811 |  11 | 1036.9 |
       Dungeon |  11406 |  11166 |    240 |   2597 |   6811 |  11 | 1036.9 |
               +--------+--------+--------+--------+--------+-----+--------+

Top non-repeatable levels by time:
     D:9: 1718 daAuts
     D:8: 1604 daAuts
     D:5: 1270 daAuts
     D:7: 1128 daAuts
     D:6: 1067 daAuts
    D:10: 1018 daAuts
     D:4: 961 daAuts
     D:2: 839 daAuts
     D:1: 796 daAuts
     D:3: 685 daAuts
    D:11: 314 daAuts
